 Dungeon Crawl Stone Soup version 0.30-a0-920-g7493c07aab (webtiles) character file.

Game seed: 1002383586825534176

688 IdlyInterested the Sneak (level 7, -7/54 HPs)
             Began as a Demonspawn Gladiator on Mar 21, 2023.
             Mangled by an ogre
             ... wielding a +0 giant spiked club
              (25 damage)
             ... on level 5 of the Dungeon.
             The game lasted 00:14:58 (4393 turns).

IdlyInterested the Sneak (Demonspawn Gladiator)     Turns: 4393, Time: 00:14:58

Health: -7/54      AC: 10    Str: 15    XL:     7   Next: 36%
Magic:  7/7        EV:  7    Int: 13    God:
Gold:   281        SH:  0    Dex: 16    Spells: 6/6 levels left

rFire   . . .      SeeInvis .    s - +0 short sword (freeze)
rCold   . . .      Faith    .    (no shield)
rNeg    . . .      Spirit   .    i - +0 chain mail
rPois   +          Reflect  .    c - +0 helmet
rElec   .          Rampage  .    z - +0 cloak
rCorr   .                        (no gloves)
Will    .....                    (no boots) Stlth
                                 j - amulet of regeneration
HPRegen 1.09/turn                k - ring of poison resistance
MPRegen 0.10/turn                (no ring)

@: studying Hexes
A: big brain 2, demonic magic 1
a: no special abilities


You were on level 5 of the Dungeon.
You visited 1 branch of the dungeon, and saw 5 of its levels.

You collected 281 gold pieces.

Inventory:

Hand Weapons
 a - a +0 long sword
 l - a +1 rapier
 r - a +2 dagger of protection
 s - a +0 short sword of freezing (weapon)
Missiles
 d - a throwing net
 e - 4 javelins
 g - 42 stones (quivered)
 A - 3 poisoned darts
Armour
 b - a +0 leather armour
 c - a +0 helmet (worn)
 f - a +0 ring mail
 i - a +0 chain mail (worn)
 u - a +0 scale mail
 z - a +0 cloak (worn)
Jewellery
 j - an amulet of regeneration (around neck)
 k - a ring of poison resistance (left hand)
 v - an amulet of faith
Wands
 o - a wand of paralysis (6)
 y - a wand of flame (17)
Scrolls
 m - a scroll of enchant armour {unknown}
Potions
 h - 2 potions of resistance {unknown}
 n - 2 potions of brilliance
 p - 2 potions of degeneration {unknown}
 q - a potion of heal wounds
 t - a potion of curing
 w - a potion of lignification {unknown}
 x - a potion of might {unknown}


   Skills:
 - Level 4.0 Fighting
 + Level 2.7(3.5) Short Blades
 - Level 3.1(3.7) Long Blades
 - Level 2.0 Throwing
 - Level 1.0 Armour
 * Level 3.8 Dodging
 * Level 4.7 Stealth
 - Level 1.0 Evocations


You had 6 spell levels left.
You didn't know any spells.
Your spell library contained the following spells:

 Spells                   Type           Power      Damage    Failure   Level
 Freeze                   Ice            0%         1d3       100%        1
 Static Discharge         Conj/Air       0%         2-2/arc   100%        2
 Frozen Ramparts          Ice            0%         1d1       100%        3
 Hailstorm                Conj/Ice       0%         3d3       100%        3
 Vhi's Electric Charge    Tloc/Air       0%         N/A       100%        3
 Arcjolt                  Conj/Air       0%         1d10      100%        5
 Plasma Beam              Fire/Air       0%         2x1d11    100%        5
 Chain Lightning          Conj/Air       0%         N/A       100%        9
 Fire Storm               Conj/Fire      0%         5d1       100%        9
 Shatter                  Erth           0%         3d5*      100%        9


Dungeon Overview and Level Annotations

Branches:
Dungeon (5/15)
 Temple: D:4-7

Altars:
Vehumet

Portals:
Abyss: D:4

Annotations:
D:4 2 transporters, Iniera's ghost, novice VSCj


Innate Abilities, Weirdness & Mutations

You have an extremely huge brain. (Int +4)
Spells you cast may paralyse adjacent enemies.


Message History

There is a stone staircase leading up here.
Found 7 gold pieces.
n - 2 potions of brilliance (gained 1)
An ogre comes into view. It is wielding a +0 giant spiked club.
The ogre shouts!
Found a wand of paralysis (8).
You see here 7 gold pieces.
Throw: 45 stones
Press: ? - help, Q - select action, (/) - cycle Shift-Dir - straight line, f - ogre
Aim: an ogre, wielding a +0 giant spiked club (77% to hit)
You throw a stone. The stone hits the ogre.
The ogre is lightly wounded.
Throw: 44 stones
Press: ? - help, Q - select action, (/) - cycle Shift-Dir - straight line, f/p - ogre
Aim: an ogre, wielding a +0 giant spiked club (lightly wounded, 77% to hit)
You throw a stone. The stone hits the ogre.
The ogre is lightly wounded.
Throw: 43 stones
Press: ? - help, Q - select action, (/) - cycle Shift-Dir - straight line, f/p - ogre
Aim: an ogre, wielding a +0 giant spiked club (lightly wounded, 77% to hit)
You throw a stone.
The stone hits the ogre but does no damage.
The ogre is lightly wounded.
You barely miss the ogre.
The ogre is lightly wounded.
The ogre hits you with a +0 giant spiked club!
You hit the ogre. You freeze the ogre.
The ogre is moderately wounded.
You barely miss the ogre.
The ogre is moderately wounded.
The ogre hits you with a +0 giant spiked club.
You hit the ogre. You freeze the ogre.
The ogre is heavily wounded.
You hit the ogre but do no damage.
The ogre is heavily wounded.
The ogre hits you with a +0 giant spiked club!!
You hit the ogre. You freeze the ogre.
The ogre is severely wounded.
The ogre hits you with a +0 giant spiked club!!
You die...

# #..# # ...# #
#..# . #."# #
#..# #<.# #..#
#..#########
#...@O...../
.......###.......
######## .######
.# .# .# .# ####
.# ..#


You could see an ogre.

Vanquished Creatures
  An ogre (D:4)
  2 scorpions (D:4)
  A jelly (D:2)
  2 orc priests (D:4)
  A hound (D:3)
  Crazy Yiuf (D:3)
  A sleepcap (D:4)
  4 orc wizards
  4 gnolls (D:4)
  5 adders
  2 shadow imps (D:4)
  A worm (D:2)
  A dart slug (D:4)
  13 orcs
  10 ball pythons
  16 endoplasms
  A giant cockroach (D:4)
  9 goblins
  6 hobgoblins
  2 jackals (D:3)
  A quokka (D:1)
  3 bats
  2 frilled lizards
  11 kobolds
  7 rats
107 creatures vanquished.

Vanquished Creatures (others)
  7 fungi (D:2)
  6 toadstools (D:2)
13 creatures vanquished.

Grand Total: 120 creatures vanquished

Notes
Turn   | Place    | Note
-------+----------+-------------------------------------------
     0 | D:1      | IdlyInterested the Demonspawn Gladiator began the quest for
                  | the Orb.
     0 | D:1      | Reached XP level 1. HP: 16/16 MP: 1/1
   111 | D:1      | Reached skill level 1 in Evocations
   358 | D:1      | Gained mutation: You have an unusually large brain. (Int
                  | +2) [demonic ancestry]
   358 | D:1      | Reached XP level 2. HP: 19/22 MP: 2/2
   850 | D:2      | Reached skill level 1 in Armour
   947 | D:2      | Reached skill level 1 in Stealth
   947 | D:2      | Gained mutation: Spells you cast may paralyse adjacent
                  | enemies. [demonic ancestry]
   947 | D:2      | Reached XP level 3. HP: 27/27 MP: 3/3
  1337 | D:2      | Gained mutation: You have an extremely huge brain. (Int +4)
                  | [demonic ancestry]
  1337 | D:2      | Reached XP level 4. HP: 16/33 MP: 4/4
  1475 | D:2      | Reached skill level 1 in Short Blades
  1753 | D:3      | Reached XP level 5. HP: 6/39 MP: 5/5
  2120 | D:3      | Identified a scroll of acquirement
  2120 | D:3      | Acquired a manual of Hexes
  2588 | D:3      | Found a runed translucent door.
  2589 | D:3      | Noticed Crazy Yiuf
  2651 | D:3      | Identified the +0 chain mail of the Vacuum {Harm rElec
                  | Dex-5}
  3021 | D:3      | Killed Crazy Yiuf
  3093 | D:4      | Reached XP level 6. HP: 30/47 MP: 6/6
  3236 | D:4      | Found a transporter.
  3450 | D:4      | Reached XP level 7. HP: 27/54 MP: 7/7
  3601 | D:4      | Found a transporter.
  3622 | D:4      | Found a one-way gate to the infinite horrors of the Abyss.
  3622 | D:4      | Noticed Iniera's ghost (novice VSCj)
  3623 | D:4      | Noticed a small abomination
  3665 | D:4      | Found a transporter.
  3799 | D:4      | Found a transporter.
  3903 | D:4      | Found a radiant altar of Vehumet.
  4297 | D:5      | Entered Level 5 of the Dungeon
  4393 | D:5      | Mangled by an ogre

Illustrated notes

Levels and vault maps discovered:
D:1:      dpeg_arrival_rhombus, layout_basic, chequers_decorated_corner,
          hangedman_decor_peaks_small, minmay_pentomino_s2
D:2:      cheibrodos_fertilizer, layout_loops_ring
D:3:      layout_basic, guppyfry_early_orc_mine, uniq_crazy_yiuf_cottage
D:4:      gammafunk_wand_slinger, layout_loops_cross,
          mainiacjoe_overflow_cross_hatched, gammafunk_ghost_abyssal_escape
D:5:      layout_loops_ring

Skill      XL: |  1  2  3  4  5  6 |
---------------+-------------------+-----
Evocations     | 1 |  1.0
Long Blades    | 3 |  3.1
Armour         | 1 |  1.0
Stealth        | 1 2 3 4 |  4.7
Throwing       | 2 |  2.0
Dodging        | 3 |  3.8
Short Blades   | 1 2 |  2.7
Fighting       | 3 4 |  4.0

Action                     |  1- 3 |  4- 6 |  7- 9 || total
---------------------------+-------+-------+-------++-------
  Melee: Long sword        |    85 |       |       ||    85
         Short sword       |    19 |   332 |   118 ||   469
         Punch             |       |     6 |     1 ||     7
  Throw: Stone             |       |    11 |     3 ||    14
         Throwing net      |       |     2 |       ||     2
    Use: Scroll            |       |     5 |     3 ||     8
         Potion            |       |     3 |     2 ||     5
   Stab: Held in net/web   |       |     2 |       ||     2
         Invisible         |       |       |     4 ||     4
 Armour: Leather armour    |     4 |       |       ||     4
         Chain mail        |    53 |   181 |    56 ||   290
  Dodge: Dodged            |    45 |   105 |    26 ||   176

Table legend: (Time is in decaauts)
 A = Elapsed time spent in this place.
 B = Non-inter-level travel time spent in this place.
 C = Inter-level travel time spent in this place.
 D = Time resting spent in this place.
 E = Time spent auto-exploring this place.
 F = Levels seen in this place.
 G = Mean time per level.
                   A        B        C        D        E       F      G
               +--------+--------+--------+--------+--------+-----+--------+
         Total |   4351 |   3820 |    531 |    591 |   1906 |   5 |  870.2 |
       Dungeon |   4351 |   3820 |    531 |    591 |   1906 |   5 |  870.2 |
               +--------+--------+--------+--------+--------+-----+--------+

Top non-repeatable levels by time:
     D:3: 1264 daAuts
     D:2: 1120 daAuts
     D:4: 1112 daAuts
     D:1: 834 daAuts
     D:5: 20 daAuts
